 Dungeon Crawl Stone Soup version 0.18.1-1-g2f07953 (webtiles) character file.

50 ventricule the Cudgeler (level 3, -5/39 HPs)
             Began as an Ogre Berserker on May 7, 2016.
             Was a Believer of Trog.
             Slain by a hobgoblin
             ... wielding a +0 club
             ... led by Robin
              (6 damage)
             ... on level 2 of the Dungeon.
             The game lasted 00:01:31 (1265 turns).

ventricule the Cudgeler (Ogre Berserker)            Turns: 1265, Time: 00:01:32

Health: -5/39      AC:  3    Str: 19 (22) XL:     3   Next: 79%
Magic:  3/3        EV: 10    Int:  6 (7)  God:    Trog [**....]
Gold:   41         SH:  0    Dex:  6 (9)  Spells: 0 memorised, 2 levels left

rFire  . . .     SeeInvis .     a - +0 mace
rCold  . . .     Gourm    .     b - +0 animal skin
rNeg   . . .     Faith    .     (no shield)
rPois  .         Spirit   .     (helmet restricted)
rElec  .         Dismiss  .     (no cloak)
rCorr  .         Reflect  .     (gloves unavailable)
SustAt .         Harm     .     (boots unavailable)
MR     .....                    (no amulet)
Stlth  +.........               (no ring)
                                (no ring)

@: exhausted, slowed, very slow, not resistant to hostile enchantments, very
unstealthy
A: unfitting armour, tough skin 1
a: Berserk, Trog's Hand, Burn Spellbooks, Renounce Religion


You were on level 2 of the Dungeon.
You worshipped Trog.
Trog was pleased with you.
You were very hungry.

You visited 1 branch of the dungeon, and saw 2 of its levels.

You collected 41 gold pieces.


Innate Abilities, Weirdness & Mutations

You are too large for most types of armour.
You have tough skin (AC +1).


   Skills:
 - Level 4.0 Fighting
 + Level 6.1 Maces & Flails
 - Level 2.6 Dodging


You had 2 spell levels left.
You didn't know any spells.

Inventory:

Hand Weapons
 a - a +0 mace (weapon)
Armour
 b - a +0 animal skin (worn)
Scrolls
 e - 2 scrolls of remove curse {unknown}
 f - a scroll of enchant weapon {unknown}
 g - a scroll of identify {unknown}
 h - a scroll of blinking {unknown}
 j - 2 scrolls of noise {unknown}
Potions
 d - a potion of heal wounds {unknown}
Comestibles
 c - a bread ration
 i - a meat ration

Dungeon Overview and Level Annotations

Branches:
Dungeon (2/15)

Altars:

..... ▒...▒ ▒...▒
▒...▒ ▒ ▒... .... ▒.
▒..▒ ▒.. ▒.▒▒ ▒gg▒
▒.. ▒▒ ... ▒Og▒
▒.....▒ ▒▒. ▒gg▒ ▒.▒
▒.▒▒▒▒.. ▒▒▒..▒▒
▒.▒▒▒......▒ ▒.....▒
▒.▒▒........
▒.▒▒▒.▒▒▒.▒▒.▒▒▒.▒..
▒.▒ ▒.▒......▒ ▒.▒▒.
▒.▒ ▒.▒.▒....▒▒▒.▒.▒
▒.▒ ▒.▒.▒▒..........
▒.▒▒▒.▒.▒▒..........


You could see 2 hobgoblins and 3 goblins.


Message History

* * * LOW HITPOINT WARNING * * *
The goblin hits you.
* * * LOW HITPOINT WARNING * * *
You hit Robin.
Robin is severely wounded.
The goblin hits you but does no damage. The goblin barely misses you.
The hobgoblin barely misses you.
You bludgeon Robin!!
You kill Robin!
Trog accepts your kill.
Your Maces & Flails skill increases to level 6!
The goblin hits you but does no damage. x2
You closely miss the goblin.
You are no longer berserk.
You are exhausted.
You feel yourself slow down.
You are feeling very hungry.
The goblin no longer looks unusually strong.
The goblin hits you.
* * * LOW HITPOINT WARNING * * *
The hobgoblin hits you with a club.
* * * LOW HITPOINT WARNING * * *
The goblin barely misses you.
Drink which item? (? for menu, Esc to quit)
It was a potion of degeneration.
There was something very wrong with that liquid.
You feel weakened.
You feel dopey.
You feel clumsy. The goblin closely misses you. The goblin barely misses you.
The hobgoblin hits you with a club.
You die...

Action                   || total
-------------------------++-------
Melee: Mace              ||   108
Invok: Berserk           ||     1
  Use: Potion            ||     1
  Eat: Chunk             ||     1
Armor: Animal skin       ||    49
Dodge: Dodged            ||    91

Vault maps used:
D:1:      kennysheep_arrival_seaside, patterned_corridor
D:2:      overflow_temple_1_default, corexii_leaking_fountain,
          corexii_corridor_pit, grunt_ministairs_7, uniq_terence, uniq_robin,
          uniq_natasha

Notes
Turn   | Place    | Note
--------------------------------------------------------------
     0 | D:1      | ventricule the Ogre Berserker began the quest for the Orb.
     0 | D:1      | Reached XP level 1. HP: 24/24 MP: 1/1
    93 | D:1      | Reached XP level 2. HP: 30/32 MP: 2/2
   406 | D:1      | Reached skill level 5 in Maces & Flails
   796 | D:1      | Reached XP level 3. HP: 39/39 MP: 3/3
  1172 | D:2      | Reached ** piety under Trog
  1241 | D:2      | Noticed Robin
  1263 | D:2      | Killed Robin
  1263 | D:2      | Reached skill level 6 in Maces & Flails
  1264 | D:2      | HP: 2/39 [goblin[Robin] (3)]
  1265 | D:2      | Slain by a hobgoblin

Vanquished Creatures
  Robin (D:2)
  A dart slug (D:1)
  A giant gecko (D:1)
  6 hobgoblins
  2 jackals (D:1)
  3 ball pythons
  3 bats
  A giant newt (D:1)
  10 goblins
  4 kobolds (D:1)
  3 rats
35 creatures vanquished.
